[Event "Early-Titled-Tuesday-Blitz-January-30-2024"]
[Site "Chess.com"]
[Date "2024.01.30"]
[Round "5"]
[White "WiktoriaPOL"]
[Black "SujanaLohani"]
[Result "1-0"]
[WhiteElo "2251"]
[BlackElo "1997"]
[TimeControl "180+1"]
[EndTime "8:58:07 PST"]
[Termination "WiktoriaPOL won on time"]

1. c4 Nf6 2. Nc3 g6 3. g3 Bg7 4. Bg2 O-O 5. e4 d6 6. Nge2 c5 7. O-O Nc6 8. d3 Bg4 9. h3 Be6 10. Be3 Qd7 11. Kh2 h5 12. Nf4 Ne5 13. Qe2 Rad8 14. Nxe6 Qxe6 15. f4 Neg4+ 16. hxg4 Nxg4+ 17. Kh1 Nxe3 18. Qxe3 Bd4 19. Qf3 a6 20. f5 Qe5 21.
Qf4 Qg7 22. Nd5 Bxb2 23. Nxe7+ Kh8 24. Rab1 Be5 25. Qf3 Rd7 26. Nd5 f6 27. Bh3 g5 28.
Bg2 Qh6 29. Kg1 Rh7 30. Kf2 Bd4+ 31. Ke2 g4 32. Qf4 Qg7 33. Rh1 Be5 34. Qe3 h4 35. Rxh4 Rxh4 36. gxh4 Qh7 37. Rh1 g3 38. Nf4 Rc8 39.
Ng6+ Kg7 40. Nxe5 dxe5 41. Qxg3+ Kf7 42. Qg6+ Qxg6 43. fxg6+ Kxg6 44. Bh3 Rh8 45. Bf5+ Kf7 46. h5 Ke7 47. h6 Kd6 48. h7 b5 49. Rg1 1-0

[Event "Early-Titled-Tuesday-Blitz-January-30-2024"]
[Site "Chess.com"]
[Date "2024.01.30"]
[Round "5"]
[White "RobertoJBM"]
[Black "MagnusCarlsen"]
[Result "0-1"]
[WhiteElo "2836"]
[BlackElo "3290"]
[TimeControl "180+1"]
[EndTime "8:58:08 PST"]
[Termination "MagnusCarlsen won by resignation"]

1. d4 Nc6 2. Nf3 g6 3. d5 Nb8 4. e4 d6 5. Nc3 Bg7 6. Be3 Nf6 7. h3 O-O 8. Bc4 c6 9. a4 b6 10. O-O Bb7 11. Re1 a6 12. dxc6 Nxc6 13. Bg5 Rc8 14. Qe2 Nb4 15. Rad1 Qc7 16. Bb3 Rfe8 17. Rd2 Nd7 18. Nd4 Nc5 19. Qe3 e6 20. Red1 d5 21.
exd5 exd5 22. Qf3 h5 23. Bf6 Bh6 24. Re2 Rxe2 25. Qxe2 Qd6 26. Be5 Qe7 27. Bg3 Qxe2 28. Ncxe2 Nxb3 29. cxb3 a5 30. Bf4 Bg7 31. Nc3 Ba6 32. Ndb5 Bxb5 33. Nxb5 d4 34. Bc7 Nd5 35. Bd6 Rd8 36. g3 g5 37. Kf1 g4 38. hxg4 hxg4 39. Ke2 Kh7 40. Kd3 Kg6 41. Re1 Rh8 42. Nxd4 Rd8 43.
Nb5 Nc7 44. Nxc7 Rxd6+ 45. Ke2 Rc6 46. Nb5 Rc2+ 47. Kf1 Rxb2 48. Re3 Bf8 49. Re4 Kg5 50. Re5+ Kf6 51. Re4 Bc5 52. Rxg4 Rxf2+ 53. Ke1 Rb2 54. Rf4+ Ke6 55. Rf3 f5 56. Kd1 Ke5 57. Kc1 Rf2 58.
Rxf2 Bxf2 59. Kd2 Bxg3 60. Kd3 Bf2 61. Nc3 Bc5 62. Ne2 f4 63. Nc1 f3 64. Kd2 Ke4 65. Nd3 Be3+ 0-1

[Event "Early-Titled-Tuesday-Blitz-January-30-2024"]
[Site "Chess.com"]
[Date "2024.01.30"]
[Round "5"]
[White "zverr1"]
[Black "Imagine_Drag0n"]
[Result "1-0"]
[WhiteElo "2570"]
[BlackElo "2765"]
[TimeControl "180+1"]
[EndTime "8:58:08 PST"]
[Termination "zverr1 won on time"]

1. d4 Nf6 2. c4 e6 3. Nf3 d5 4.
g3 h6 5. Nc3 Bd6 6. Qc2 O-O 7.
e4 dxe4 8. Nxe4 Nxe4 9. Qxe4 Bb4+ 10. Bd2 Bxd2+ 11. Nxd2 Nc6 12. Nf3 Qe7 13. O-O-O Bd7 14.
Bd3 f5 15. Qe2 Nb4 16. Bb1 Bc6 17. Rhe1 Bxf3 18. Qxf3 Qg5+ 19. Qe3 Qxe3+ 20. Rxe3 Rfe8 21. Rde1 Kf7 22. Rb3 Nc6 23. Rxb7 Nxd4 24. Rxc7+ Kf6 25. f4 g5 26. Rd1 Red8 27. Rd2 a5 28. b3 Rd6 29. c5 Rd5 30. Kb2 Rad8 31. a3 g4 32. b4 a4 33. Ba2 Nf3 34. Rxd5 exd5 35. b5 d4 36. Bc4 d3 37. b6 d2 38. Be2 d1=Q 39. Bxd1 Rxd1 40. b7 Rd2+ 41. Kc3 Rd8 42. Rc8 1-0

[Event "Early-Titled-Tuesday-Blitz-January-30-2024"]
[Site "Chess.com"]
[Date "2024.01.30"]
[Round "5"]
[White "Byniolus"]
[Black "Crazy_girl99"]
[Result "1-0"]
[WhiteElo "2823"]
[BlackElo "2618"]
[TimeControl "180+1"]
[EndTime "8:58:09 PST"]
[Termination "Byniolus won on time"]

1. d4 Nf6 2. Nf3 e6 3. Bf4 d5 4.
e3 Bd6 5. Bg3 O-O 6. Nbd2 Ne4 7.
Nxe4 dxe4 8. Nd2 f5 9. c3 b6 10. Nc4 Bb7 11. Be2 Qe7 12. a4 Nd7 13. Nxd6 cxd6 14. O-O e5 15. f4 exf3 16. Bxf3 Bxf3 17. Qxf3 Qe6 18. a5 b5 19. a6 b4 20. cxb4 Rab8 21.
Rfc1 Rxb4 22. Rc7 exd4 23. exd4 f4 24. Bf2 Rxb2 25. Rxa7 d5 26. Re1 Qf5 27. h3 Rf7 28. Rb7 Rxb7 29. axb7 Nb8 30. Re8+ Rf8 31. Qe2 Qf7 32.
Re7 Qf6 33. Qe1 h6 34. Bh4 Qc6 35. Kh2 f3 36. gxf3 Qc2+ 37. Qe2 Qc6 38. Bg3 Na6 39.
Re8 Rxe8 40. Qa2 1-0

[Event "Early-Titled-Tuesday-Blitz-January-30-2024"]
[Site "Chess.com"]
[Date "2024.01.30"]
[Round "5"]
[White "LeoLV10"]
[Black "karinachess1"]
[Result "1/2-1/2"]
[WhiteElo "2455"]
[BlackElo "2629"]
[TimeControl "180+1"]
[EndTime "8:58:09 PST"]
[Termination "Game drawn by repetition"]

1. e4 e5 2. Nf3 Nc6 3. Bb5 Nf6 4.
O-O Nxe4 5. d4 Nd6 6. Bxc6 dxc6 7. dxe5 Nf5 8. Qe2 Nd4 9. Nxd4 Qxd4 10. Rd1 Qg4 11. f3 Bc5+ 12. Be3 Qb4 13. Bxc5 Qxc5+ 14. Qf2 Qe7 15. Nc3 O-O 16. Re1 Bf5 17. a3 Rad8 18. f4 b6 19. Re2 c5 20. Rae1 a6 21. Qf3 Rd4 22. Nd5 Qd7 23. Ne3 Rd8 24. h3 h6 25.
c3 Rd3 26. Qf2 a5 27. Kh2 a4 28. g4 Be4 29. f5 Bb7 30. Qf4 Qc6 31. e6 fxe6 32.
fxe6 Qxe6 33. Nf5 Qf6 34. Rf1 R3d7 35. Rff2 Rd1 36. Ne7+ Kf7 37. Nf5 Rh1+ 38. Kg3 Rg1+ 39. Kh2 Rh1+ 40. Kg3 Rd3+ 41. Re3 Rxe3+ 42. Qxe3 Rg1+ 43.
Kh2 Rh1+ 44. Kg3 Rg1+ 45. Kh2 Rh1+ 46. Kg3 1/2-1/2

[Event "Early-Titled-Tuesday-Blitz-January-30-2024"]
[Site "Chess.com"]
[Date "2024.01.30"]
[Round "5"]
[White "pirulillo"]
[Black "RandomNoob04"]
[Result "0-1"]
[WhiteElo "2275"]
[BlackElo "2566"]
[TimeControl "180+1"]
[EndTime "8:58:09 PST"]
[Termination "RandomNoob04 won on time"]

1. e4 e5 2. Bc4 Nc6 3. d3 Nf6 4.
Nc3 Bb4 5. Ne2 d5 6. exd5 Nxd5 7.
O-O Nxc3 8. Nxc3 O-O 9. Ne4 Be7 10. Qh5 g6 11. Qh6 Nd4 12. Ng5 Bxg5 13. Bxg5 Qd6 14. Qh4 Nf5 15. Qe4 Rb8 16. Rae1 Re8 17. f4 Qc5+ 18.
Kh1 Nd6 19. Qf3 e4 20. Qd1 Nxc4 21. dxc4 Qxc4 22. Bf6 e3 23. Re2 Bg4 24. Rfe1 Bxe2 25. Rxe2 Qxf4 26. Bc3 Rbd8 27. Qe1 Rd5 28. h3 f6 29. Bd2 Rde5 30. Bc3 R5e6 31. Qd1 Rd6 32. Qe1 Red8 33. Rxe3 Rd1 34. Re8+ Kg7 35. Rxd8 Rxe1+ 36. Bxe1 Qc1 37. Re8 Kf7 38. Re2 Qd1 39. Re3 Qxc2 40. Bc3 b5 41. a3 c5 42. Rf3 f5 43. Re3 a5 44. Bxa5 Qxb2 0-1

[Event "Early-Titled-Tuesday-Blitz-January-30-2024"]
[Site "Chess.com"]
[Date "2024.01.30"]
[Round "5"]
[White "LornerAcosta"]
[Black "tolia123"]
[Result "1/2-1/2"]
[WhiteElo "2376"]
[BlackElo "2137"]
[TimeControl "180+1"]
[EndTime "8:58:09 PST"]
[Termination "Game drawn by repetition"]

1. Nf3 Nf6 2. d4 g6 3. c3 Bg7 4. Bf4 d6 5. Nbd2 O-O 6. e4 c5 7. dxc5 dxc5 8. h3 Nc6 9. Qc2 b6 10. Be2 Bb7 11. O-O Rc8 12. Rad1 Qe8 13. Rfe1 a6 14. a4 Na5 15. e5 Nd5 16. Bg3 c4 17. e6 fxe6 18. Ng5 Bc6 19. Ra1 Bd7 20. Bg4 e5 21.
Ne6 Rf7 22. Bxe5 Bxe5 23. Rxe5 Nc7 24. Ng5 Rf6 25. Bxd7 Qxd7 26. Rae1 Re8 27. Ndf3 Rf5 28. h4 Rxe5 29. Rxe5 Nb3 30. h5 Qd3 31. Qe2 Qxe2 32.
Rxe2 gxh5 33. Ne5 b5 34. axb5 axb5 35. Re3 Nd5 36. Rh3 Nf4 37. Rf3 Rf8 38. Kh2 Ng6 39.
Rxf8+ Kxf8 40. Nxh7+ Kg7 41. Nxg6 Kxg6 42. Nf8+ Kf7 43.
Nd7 Ke6 44. Nf8+ Kf7 45. Nd7 Ke6 46. Nf8+ Kf7 1/2-1/2

[Event "Early-Titled-Tuesday-Blitz-January-30-2024"]
[Site "Chess.com"]
[Date "2024.01.30"]
[Round "5"]
[White "GMSrinath"]
[Black "thesupera12"]
[Result "1-0"]
[WhiteElo "2828"]
[BlackElo "2538"]
[TimeControl "180+1"]
[EndTime "8:58:10 PST"]
[Termination "GMSrinath won by resignation"]

1. b3 Nf6 2. Bb2 e6 3. g3 Be7 4. Bg2 O-O 5. c4 d5 6. Nf3 b6 7. O-O Bb7 8. Ne5 Nbd7 9. d4 c5 10. cxd5 Nxd5 11. Nxd7 Qxd7 12. dxc5 Bxc5 13. Nc3 Rfd8 14.
Ne4 Be7 15. Qd4 Nf6 16. Qe5 Bxe4 17. Bxe4 Bd6 18. Qd4 Rac8 19. Bf3 Bc5 20. Qh4 Be7 21. Qf4 Nd5 22. Qd2 Bf6 23. Rad1 Bxb2 24. Qxb2 Qc7 25. Rc1 Qe7 26. Qe5 Rxc1 27. Rxc1 g6 28. h4 Qd6 29.
Qg5 Qe7 30. Qxe7 Nxe7 31. Rc7 Nf5 32. Rxa7 Rd2 33. e3 Rc2 34. h5 Kg7 35. Ra6 Ne7 36. hxg6 hxg6 37. a4 Nc8 38. Bb7 Nd6 39. Rxb6 Rc3 40.
Rxd6 1-0

[Event "Early-Titled-Tuesday-Blitz-January-30-2024"]
[Site "Chess.com"]
[Date "2024.01.30"]
[Round "5"]
[White "anasta10"]
[Black "Mops_2004"]
[Result "0-1"]
[WhiteElo "2511"]
[BlackElo "2755"]
[TimeControl "180+1"]
[EndTime "8:58:10 PST"]
[Termination "Mops_2004 won by resignation"]

1. Nf3 f5 2. d3 Nc6 3. g3 e5 4. Bg2 Nf6 5. O-O d5 6. c4 dxc4 7. dxc4 Qxd1 8. Rxd1 e4 9. Nd4 Nxd4 10. Rxd4 Bc5 11.
Rd1 Be6 12. b3 Ng4 13. e3 Kf7 14. Nc3 Ne5 15. Ne2 Nd3 16. Nf4 Nxf4 17. gxf4 Rhg8 18. h4 h6 19. Bb2 g5 20. fxg5 hxg5 21. h5 Be7 22. f3 exf3 23. Bxf3 c6 24. Be5 Bf6 25. Bxf6 Kxf6 26. Kf2 Rh8 27. Rd6 Ke5 28. Rad1 g4 29.
Bg2 Rxh5 30. a4 a5 31. Kg3 Rhh8 32. R6d4 Ra6 33. Rf4 Rb6 34. Rd3 Rb4 35. Rc3 Rd8 36. Rf2 Rd1 37. Rb2 Ra1 38. Kf2 Raxa4 39. Rd2 Ra3 40. Rdd3 a4 41. bxa4 Rxc3 42. Rxc3 Rxa4 43. c5 Bd5 44. Bxd5 Kxd5 45. Kg3 Rc4 46. Rb3 Re4 47.
Kf2 Kxc5 48. Rxb7 Re5 49. Ra7 Kb4 50. Rb7+ Kc3 51. Kg3 Rxe3+ 52. Kf4 Rf3+ 0-1

[Event "Early-Titled-Tuesday-Blitz-January-30-2024"]
[Site "Chess.com"]
[Date "2024.01.30"]
[Round "5"]
[White "Talent-OF-Slovenia"]
[Black "viktorskliarov"]
[Result "0-1"]
[WhiteElo "2469"]
[BlackElo "2671"]
[TimeControl "180+1"]
[EndTime "8:58:10 PST"]
[Termination "viktorskliarov won by resignation"]

1. e4 c5 2. Nf3 Nc6 3. Bb5 e6 4. Bxc6 bxc6 5. O-O Ne7 6. Nc3 Ng6 7. d3 e5 8. Be3 d6 9. Nd2 Be7 10. Ne2 O-O 11. f4 exf4 12. Nxf4 Nxf4 13. Bxf4 Bf6 14. c3 Ba6 15. Qf3 Re8 16. Rae1 Rb8 17.
Nc4 Bxc4 18. dxc4 Rxb2 19. Rd1 Qe7 20. Bxd6 Qxe4 21. Qxe4 Rxe4 22. Bxc5 Rxa2 23. Rb1 h6 24. Rf2 Rxf2 25. Kxf2 Rxc4 26. Rb8+ Kh7 27. Bxa7 Rxc3 28. Rb7 Kg6 29. Bb8 c5 30. g3 c4 31. Rb6 Rc2+ 32. Kf3 Rxh2 33. Rc6 Rc2 34. Be5 Kf5 35. Bxf6 gxf6 36.
g4+ Ke5 37. Rc7 Rc3+ 38. Kg2 Kf4 39. Rxf7 Kxg4 40. Rxf6 h5 41. Rc6 Rc2+ 42. Kh1 c3 43. Rc5 h4 44. Rc8 Kf3 45. Rh8 Rc1+ 46. Kh2 Ke2 47.
Rd8 Rd1 48. Re8+ Kd2 0-1

[Event "Early-Titled-Tuesday-Blitz-January-30-2024"]
[Site "Chess.com"]
[Date "2024.01.30"]
[Round "5"]
[White "Karina_Ivanova"]
[Black "Kotlyar_K"]
[Result "0-1"]
[WhiteElo "2284"]
[BlackElo "2482"]
[TimeControl "180+1"]
[EndTime "8:58:10 PST"]
[Termination "Kotlyar_K won by resignation"]

1. d4 Nf6 2. Nf3 g6 3. c4 Bg7 4. g3 c6 5. Bg2 O-O 6. O-O d5 7. b3 Ne4 8. Bb2 Bf5 9. Nc3 dxc4 10. bxc4 Qb6 11. Qb3 Nd7 12. Rfd1 Ndf6 13. Rac1 Nxc3 14. Bxc3 Ne4 15. Ba1 Rfd8 16. e3 Qc7 17. Nh4 e6 18. Nxf5 exf5 19. Bb2 Rab8 20. a4 Qd7 21. c5 b5 22.
cxb6 axb6 23. Qc2 Rbc8 24. Bxe4 fxe4 25. Qxe4 Re8 26. Qc2 Qa7 27. Qb3 c5 28. dxc5 bxc5 29. Bxg7 Kxg7 30. Rc4 Re6 31. Rdc1 Rec6 32. R1c3 Kg8 33.
Qc2 Qa5 34. h4 h5 35. Kg2 Kg7 36. Qb2 Kg8 37. Qb5 Qa7 38. a5 R6c7 39. a6 Rb8 40. Qa5 Rbc8 41. e4 Rc6 42. Qb5 Rb6 43. Qa5 Rbc6 44. e5 Rxa6 45. Qb5 Qa8+ 46. Kh2 Ra1 0-1

[Event "Early-Titled-Tuesday-Blitz-January-30-2024"]
[Site "Chess.com"]
[Date "2024.01.30"]
[Round "5"]
[White "LimeInTheCoconut"]
[Black "Alen_Yeremyann"]
[Result "0-1"]
[WhiteElo "2474"]
[BlackElo "2742"]
[TimeControl "180+1"]
[EndTime "8:58:11 PST"]
[Termination "Alen_Yeremyann won on time"]

1. e4 c5 2. Nf3 Nc6 3. Bb5 e6 4. O-O Nge7 5. Re1 a6 6. Bf1 d5 7. exd5 Nxd5 8. d4 cxd4 9. Nxd4 Bd7 10. c4 Nf6 11. Nb3 Be7 12. Nc3 O-O 13. Be3 Re8 14. Nc5 Bxc5 15. Bxc5 Qa5 16. Be3 Rad8 17. Qb3 Qb4 18.
Qxb4 Nxb4 19. Rac1 Bc6 20. Red1 Ne4 21. Nxe4 Bxe4 22. a3 Nd3 23. Bxd3 Rxd3 24. Rxd3 Bxd3 25. f3 e5 26. Kf2 f5 27. b3 Kf7 28. Rd1 e4 29.
fxe4 fxe4 30. Bd4 Bc2 31. Rc1 Bd3 32. Ke3 Ke6 33. b4 Rc8 34. c5 Kd5 35. a4 Kc6 36.
Ra1 Re8 37. Ra2 Rf8 38. Rf2 Rxf2 39. Kxf2 g6 40. Ke3 Kd5 41. g4 Kc4 42. b5 axb5 43.
axb5 Kxb5 44. g5 Kc6 45. h4 Kd5 0-1

[Event "Early-Titled-Tuesday-Blitz-January-30-2024"]
[Site "Chess.com"]
[Date "2024.01.30"]
[Round "5"]
[White "NovozhilovSemen"]
[Black "Al_Shima"]
[Result "1-0"]
[WhiteElo "2659"]
[BlackElo "2342"]
[TimeControl "180+1"]
[EndTime "8:58:11 PST"]
[Termination "NovozhilovSemen won by resignation"]

1. d4 Nf6 2. Nf3 e6 3. e3 b6 4.
Bd3 Bb7 5. O-O c5 6. c4 Be7 7.
Nc3 cxd4 8. exd4 O-O 9. d5 d6 10. Nd4 e5 11. Nf5 g6 12. Nxe7+ Qxe7 13. f4 Nbd7 14.
Re1 Rfe8 15. Bf1 Rac8 16. fxe5 dxe5 17. Bg5 Qc5+ 18. Kh1 Kg7 19. a3 h6 20. Be3 Qf8 21. Qd2 Ng4 22. Bg1 f5 23. Nb5 a6 24. Na7 Ra8 25.
Nc6 Qd6 26. Rad1 Ngf6 27. Nb4 Nc5 28. Nc2 Rad8 29. b4 Nce4 30. Qd3 a5 31. Qe3 Rc8 32. Qxb6 Qxb6 33. Bxb6 axb4 34. axb4 Nd6 35. Bc5 Nde4 36. Bg1 Ba6 37. c5 Bxf1 38. Rxf1 Red8 39. d6 Nc3 40. Rd3 Ncd5 41. Rfd1 Nf4 42. R3d2 e4 43. b5 N6d5 44. Bd4+ Kf7 45. Ne3 Nxe3 46. Bxe3 Ne6 47. c6 f4 48. Rf1 g5 49. d7 Rb8 50.
b6 Ke7 51. c7 fxe3 52. cxb8=Q Rxb8 53. Re2 Rxb6 54. Rxe3 Rb4 55. Rd1 Rb7 56. Rxe4 Rxd7 57. Rde1 Rd6 58. Rf1 Rd5 59. g3 Rd6 60. Kg2 Rd2+ 61.
Kh3 Rd5 62. Rfe1 Rd6 63. Kg4 Kf6 64. Rxe6+ Rxe6 65. Rxe6+ Kxe6 66. Kh5 Kf5 67. Kxh6 Kg4 68. Kg6 Kh3 69. Kxg5 Kxh2 70. g4 Kg3 1-0

[Event "Early-Titled-Tuesday-Blitz-January-30-2024"]
[Site "Chess.com"]
[Date "2024.01.30"]
[Round "5"]
[White "Sofia_Blokhin"]
[Black "ChessLebaneseSalah"]
[Result "0-1"]
[WhiteElo "2258"]
[BlackElo "2449"]
[TimeControl "180+1"]
[EndTime "8:58:11 PST"]
[Termination "ChessLebaneseSalah won on time"]

1. d4 d5 2. c4 c6 3. Nc3 Nf6 4. e3 e6 5. Bd3 Nbd7 6. Nf3 Bd6 7. O-O O-O 8. e4 dxc4 9. Bxc4 e5 10. d5 cxd5 11.
Nxd5 Nxd5 12. Bxd5 Nf6 13. Bg5 h6 14. Bh4 g5 15.
Nxg5 hxg5 16. Bxg5 Be7 17. Bh6 Re8 18. Qb3 Nxd5 19.
Qg3+ Bg5 20. Bxg5 Qd7 21. h3 f6 22. Bh4+ Kh7 23. exd5 Rg8 24. Qd3+ f5 25. Rac1 e4 26. Qe3 f4 27. Qxf4 Qxh3 28. Rc7+ Bd7 29.
Qxe4+ Kh6 30. Bg3 Qf5 31. Qf4+ Kg6 32. Qxf5+ Bxf5 33. Rxb7 Rad8 34. f3 Rxd5 35. Rxa7 Kf6 36. Ra6+ Kf7 37. b4 Rxg3 38. Kf2 Rg8 39. Rc1 Rgd8 40.
Rc7+ R8d7 41. Rxd7+ Rxd7 42. b5 Rd2+ 43. Ke3 Rb2 44. b6 Be6 45. a4 Kf6 0-1

[Event "Early-Titled-Tuesday-Blitz-January-30-2024"]
[Site "Chess.com"]
[Date "2024.01.30"]
[Round "5"]
[White "Klavdia_Nik"]
[Black "SamCopeland"]
[Result "1-0"]
[WhiteElo "2143"]
[BlackElo "2374"]
[TimeControl "180+1"]
[EndTime "8:58:11 PST"]
[Termination "Klavdia_Nik won by resignation"]

1. Nf3 d5 2. c4 c6 3. b3 Nf6 4. Bb2 Bf5 5. g3 Nbd7 6. Bg2 Rc8 7. O-O Qc7 8. d3 e5 9. Nh4 Be6 10. e4 Bc5 11. Nf5 Bxf5 12. exf5 O-O 13. Nd2 Rfe8 14.
a3 e4 15. dxe4 dxe4 16. b4 Bf8 17. Re1 Rcd8 18. Qc2 a5 19. c5 axb4 20. axb4 b6 21. Nxe4 Nxe4 22. Bxe4 bxc5 23. f6 g6 24. bxc5 Nxc5 25.
Bf3 Rxe1+ 26. Rxe1 Nd3 27. Rd1 Nxb2 28. Rxd8 Qxd8 29.
Qxb2 c5 30. Kg2 Qd4 31. Qxd4 cxd4 32. Be4 Bd6 33. g4 g5 34. h3 Be5 35. Kf3 Bxf6 36. Bf5 Kf8 37. Ke4 Ke7 38. Bxh7 Bg7 39. f4 gxf4 40.
Kxf4 Kd6 41. Bd3 Be5+ 42. Ke4 Bg3 43. Kxd4 Ke6 44. Ke4 Kf6 45. Kf3 Bh4 46. Kf4 Bg5+ 47. Kg3 Bh4+ 48. Kxh4 1-0

[Event "Early-Titled-Tuesday-Blitz-January-30-2024"]
[Site "Chess.com"]
[Date "2024.01.30"]
[Round "5"]
[White "Slovineanu"]
[Black "Attacks_Hurricane"]
[Result "1-0"]
[WhiteElo "2442"]
[BlackElo "2236"]
[TimeControl "180+1"]
[EndTime "8:58:12 PST"]
[Termination "Slovineanu won by checkmate"]

1. d4 f5 2. g3 Nf6 3. Bg2 e6 4. c4 Be7 5. Nh3 O-O 6. O-O d6 7.
Nc3 e5 8. d5 h6 9. f3 a5 10.
Nf2 Na6 11. a3 Nc5 12. b3 Bd7 13. Rb1 Qe8 14. e4 Qg6 15. Be3 b6 16. b4 axb4 17. axb4 Na4 18. Nxa4 Bxa4 19. exf5 Qxf5 20. Qd2 Qg6 21. Ra1 Bd7 22. Ra2 Nh5 23. Rfa1 Rac8 24. Ra7 Nxg3 25. hxg3 Qxg3 26. Ne4 Qg6 27. Qf2 Bf5 28. Ng3 Bh4 29. Kh2 Bg4 30. R1a3 Rf5 31. Nxf5 Bxf2 32. Ne7+ Kh7 33. Nxg6 Kxg6 34. Bxf2 Bf5 35.
Bh3 Bxh3 36. Kxh3 Kf5 37. Kg3 g5 38. Ra8 Rxa8 39. Rxa8 e4 40. Rf8+ Kg6 41. fxe4 h5 42. c5 bxc5 43. bxc5 dxc5 44. Bxc5 h4+ 45. Kg4 Kh6 46.
e5 Kg7 47. e6 Kg6 48. e7 h3 49.
e8=Q+ Kh6 50. Qe6+ Kh7 51. Rf7+ Kg8 52. Qe8# 1-0

[Event "Early-Titled-Tuesday-Blitz-January-30-2024"]
[Site "Chess.com"]
[Date "2024.01.30"]
[Round "5"]
[White "gahryman"]
[Black "vladislavkovalev"]
[Result "0-1"]
[WhiteElo "2656"]
[BlackElo "2862"]
[TimeControl "180+1"]
[EndTime "8:58:13 PST"]
[Termination "vladislavkovalev won by checkmate"]

1. e4 e5 2. Nf3 Nc6 3. Bc4 Bc5 4. d3 Nf6 5. O-O a6 6. c3 d6 7. a4 h6 8. Na3 O-O 9. Nc2 Re8 10. Be3 Bxe3 11. Nxe3 Be6 12. Bxe6 Rxe6 13. b4 Qd7 14. b5 Ne7 15. c4 c6 16. Qb3 Rd8 17. bxa6 bxa6 18.
Rab1 d5 19. exd5 cxd5 20. Qb7 d4 21. Qxd7 Nxd7 22. Nd5 Nxd5 23. cxd5 Rd6 24. Rfc1 Rxd5 25. g3 Nc5 26. a5 Nxd3 27. Rc7 e4 28. Nd2 e3 29. fxe3 dxe3 30. Nf3 Rf5 31. Kg2 g5 32. Re7 g4 33. Nh4 Rf2+ 34. Kg1 e2 35. Ng2 Rd5 36. Ne3 Rb5 37. Rc1 h5 38. h3 Rf3 39. Rc8+ Kg7 40. Ng2 Rb1+ 41. Kh2 Nf2 42. hxg4 Rh1# 0-1

[Event "Early-Titled-Tuesday-Blitz-January-30-2024"]
[Site "Chess.com"]
[Date "2024.01.30"]
[Round "5"]
[White "ViIIagra"]
[Black "Firouzja2003"]
[Result "1-0"]
[WhiteElo "2959"]
[BlackElo "3135"]
[TimeControl "180+1"]
[EndTime "8:58:14 PST"]
[Termination "ViIIagra won on time"]

1. g3 e5 2. Bg2 d5 3. d3 Nc6 4. Nf3 f6 5. O-O Be6 6. c3 Qd7 7. b4 O-O-O 8. Nbd2 h5 9. b5 Nb8 10. c4 dxc4 11. Qa4 cxd3 12. Qxa7 dxe2 13. Re1 Bd5 14. Rxe2 Qxb5 15. Bh3+ Rd7 16. Nd4 Qa6 17. Bxd7+ Nxd7 18. Qxa6 bxa6 19. N4b3 h4 20. Bb2 hxg3 21. fxg3 Nh6 22.
Rc1 Nf5 23. Ne4 Be7 24. Nc3 Bf3 25. Rf2 e4 26. Na4 Nxg3 27. Re1 Nf5 28. Nd4 Nxd4 29.
Bxd4 Bd6 30. Nc3 f5 31. Nd5 Ne5 32. Bxe5 Bxe5 33. Ne7+ Kb7 34. Ng6 Re8 35. Nxe5 Rxe5 36. Rxf3 g5 37. Rb3+ Kc6 38. Kf2 f4 39. Rc1+ Kd6 40.
Rb7 c5 41. Rb6+ Kd5 42. h3 Kd4 43.
Rd6+ Rd5 44. Rd1+ 1-0

[Event "Early-Titled-Tuesday-Blitz-January-30-2024"]
[Site "Chess.com"]
[Date "2024.01.30"]
[Round "5"]
[White "dropstoneDP"]
[Black "ChessQueen"]
[Result "1-0"]
[WhiteElo "3048"]
[BlackElo "2736"]
[TimeControl "180+1"]
[EndTime "8:58:14 PST"]
[Termination "dropstoneDP won on time"]

1. e4 c6 2. d4 d5 3. e5 c5 4. c3 Nc6 5. a3 Bf5 6. Be3 c4 7. Nd2 e6 8. h4 h5 9. Ne2 Qb6 10.
Ng3 Bg6 11. Qc1 f6 12. Be2 Nge7 13. Nxc4 dxc4 14. d5 Qc7 15. dxc6 Qxc6 16. exf6 gxf6 17. Bf3 Nd5 18. O-O Bd6 19. Rd1 Bxg3 20. fxg3 O-O-O 21. Bf2 Kb8 22. a4 Bd3 23. a5 Ka8 24. a6 b5 25.
Rxd3 cxd3 26. Qe3 Rd7 27. Qxd3 Rhd8 28. b3 Kb8 29. c4 bxc4 30. bxc4 Nb6 31. Qc3 Qxc4 32.
Qxf6 Rd2 33. Bxb6 axb6 34. a7+ Kc7 35. Qe5+ Kd7 36. a8=Q Rxa8 37. Rxa8 Qc5+ 38. Qxc5 bxc5 39. Bxh5 c4 40. Bg6 c3 41. h5 c2 42. Bxc2 Rxc2 43. h6 Rc1+ 44. Kh2 Rc5 45. g4 1-0

[Event "Early-Titled-Tuesday-Blitz-January-30-2024"]
[Site "Chess.com"]
[Date "2024.01.30"]
[Round "5"]
[White "JoachimBN"]
[Black "maciek_92"]
[Result "0-1"]
[WhiteElo "2597"]
[BlackElo "2810"]
[TimeControl "180+1"]
[EndTime "8:58:15 PST"]
[Termination "maciek_92 won by resignation"]

1. d4 Nf6 2. c4 g6 3. Nc3 Bg7 4. e4 d6 5. f4 c5 6. d5 O-O 7. Nf3 e6 8. dxe6 Bxe6 9. Bd3 Nc6 10. f5 Bc8 11. O-O a6 12. Qe1 Nd7 13. Nd5 Nce5 14. Bc2 Re8 15. Nxe5 Bxe5 16. Kh1 b5 17. Qf2 f6 18.
fxg6 hxg6 19. Qh4 Bb7 20. Qh6 Nf8 21. Bf4 Bxd5 22. exd5 f5 23. Bg5 Qd7 24. Rae1 Qg7 25. b3 Qxh6 26. Bxh6 Nd7 27. h3 Bg3 28. Rxe8+ Rxe8 29. cxb5 axb5 30. Bd3 Rb8 31. a4 c4 32. bxc4 Ne5 33. Be2 bxc4 34. a5 Ra8 35. Ra1 f4 36. Bg5 Kf7 37. Kg1 c3 38. Kf1 c2 39. a6 Rb8 40.
Rc1 Rb1 41. Bxf4 Bxf4 42. Kf2 Rxc1 43. a7 Ra1 0-1

[Event "Early-Titled-Tuesday-Blitz-January-30-2024"]
[Site "Chess.com"]
[Date "2024.01.30"]
[Round "5"]
[White "Bushonica"]
[Black "giovannibrandao7"]
[Result "1-0"]
[WhiteElo "1826"]
[BlackElo "2132"]
[TimeControl "180+1"]
[EndTime "8:58:15 PST"]
[Termination "Bushonica won on time"]

1. e4 c5 2. d4 cxd4 3. Qxd4 Nc6 4. Qe3 Nf6 5. Nc3 d6 6. Bd3 g6 7. h3 Bg7 8. Nf3 O-O 9. Bd2 a6 10. a4 Nb4 11. O-O Be6 12. Ne2 Nxd3 13. cxd3 Rc8 14. Bc3 Bd7 15. d4 Bc6 16. Ng3 d5 17. e5 Ne4 18. Nxe4 dxe4 19. Nh2 Qd5 20. f3 exf3 21. Nxf3 e6 22. Rf2 b5 23. axb5 axb5 24. Bb4 Rfd8 25. Bc5 Rd7 26. b4 h6 27. Rfa2 Kh7 28.
Ra7 Rcd8 29. Bb6 Rxa7 30. Rxa7 Rd7 31. Rxd7 Bxd7 32. Qe2 Bf8 33. Bc5 Bxc5 34. dxc5 Bc6 35. Kf2 Kg7 36. Qd2 Qe4 37. Qe3 Qc2+ 38. Kg3 Bd5 39.
Qf2 Qe4 40. Qe1 Qc4 41. Qd2 g5 42. Nh2 Qe4 43. Ng4 h5 44. Qxg5+ Kf8 45. Qd8+ Kg7 46. Qf6+ Kf8 47. Qh8+ Ke7 48. Qf6+ Ke8 49. Qh8+ Ke7 50. Qf6+ Ke8 51. Qh8+ Kd7 52. Nf6+ Kc7 53. Nxe4 1-0

[Event "Early-Titled-Tuesday-Blitz-January-30-2024"]
[Site "Chess.com"]
[Date "2024.01.30"]
[Round "5"]
[White "Durarbayli"]
[Black "Jospem"]
[Result "0-1"]
[WhiteElo "2912"]
[BlackElo "3060"]
[TimeControl "180+1"]
[EndTime "8:58:16 PST"]
[Termination "Jospem won on time"]

1. e4 c5 2. Nf3 d6 3. d4 cxd4 4. Nxd4 a6 5. Nc3 e6 6. g4 b5 7.
a3 Bb7 8. Bg2 Ne7 9. O-O Nec6 10.
Nde2 Be7 11. Kh1 O-O 12. f4 Nd7 13. b3 Rc8 14. Bb2 Re8 15. Ng3 Bf8 16. g5 Nb6 17. Qg4 d5 18. Rad1 b4 19. exd5 exd5 20. Nxd5 Nxd5 21.
Rxd5 Qb6 22. a4 Ne7 23. Rd2 Bxg2+ 24. Rxg2 Nd5 25. Nf5 g6 26. Qf3 Rcd8 27. Bd4 Qe6 28. Ng3 Ne7 29. Bf6 Bg7 30. Re2 Qd7 31. Rfe1 Bxf6 32.
gxf6 Nc6 33. Rxe8+ Rxe8 34. Rxe8+ Qxe8 35. Kg2 Qd7 36. Qe4 h6 37. f5 g5 38. h4 Nd4 39. hxg5 hxg5 40. Qg4 Qc6+ 41. Kh3 Qxf6 42. Ne4 Qh6+ 43. Kg2 Nxc2 44. Nxg5 Ne3+ 45. Kg3 Nxg4 46. Kxg4 Qc6 0-1

[Event "Early-Titled-Tuesday-Blitz-January-30-2024"]
[Site "Chess.com"]
[Date "2024.01.30"]
[Round "5"]
[White "Adar_07"]
[Black "artin10862"]
[Result "0-1"]
[WhiteElo "2645"]
[BlackElo "2861"]
[TimeControl "180+1"]
[EndTime "8:58:16 PST"]
[Termination "artin10862 won by resignation"]

1. e4 e5 2. Nf3 Nc6 3. Bb5 a6 4. Ba4 Bc5 5. O-O Nge7 6. c3 Ng6 7. d4 Ba7 8. Bg5 f6 9. Be3 O-O 10.
Nbd2 d6 11. h3 Kh8 12. Re1 Bd7 13. Bb3 Qe8 14. Nf1 Nce7 15. Ng3 Rd8 16. dxe5 Bxe3 17. exf6 Bxf2+ 18. Kxf2 Rxf6 19. Kg1 Nc6 20. Rf1 Nf4 21. Ng5 Qg6 22. h4 h6 23. Bf7 Rxf7 24. Nxf7+ Qxf7 25.
Qd2 g5 26. hxg5 hxg5 27. Ne2 Nxe2+ 28. Qxe2 Qg6 29. Rf2 Ne5 30. Raf1 Kg7 31. Qe3 Rh8 32. Qd4 Be6 33. Rf6 Qxf6 34. Rxf6 Kxf6 35. Qb4 b6 36. Qa4 a5 37. Qd4 Ke7 38. Qe3 Rg8 39. b3 Kd7 40. c4 Rf8 41. Qxg5 Nf3+ 42. gxf3 Rg8 43. Qxg8 Bxg8 44. Kf2 Ke6 45. Ke3 Kd7 46. Kd4 Kc6 47. a3 b5 48. Kc3 bxc4 49. bxc4 Kc5 0-1